 Dungeon Crawl Stone Soup version 0.25.1-8-g42b30a86e7 (webtiles) character file.

Game seed: 12303011024917738779

168 KamiKatze the Sneak (level 5, -6/26 HPs)
             Began as a Spriggan Assassin on Dec 19, 2020.
             Was an Initiate of Dithmenos.
             Mangled by a centaur (7 damage)
             ... on level 5 of the Dungeon on Dec 20, 2020.
             The game lasted 00:23:03 (5371 turns).

KamiKatze the Sneak (Spriggan Assassin)             Turns: 5371, Time: 00:23:03

Health: -6/26      AC:  3    Str:  7    XL:     5   Next: 24%
Magic:  6/6        EV: 18    Int: 14    God:    Dithmenos [......]
Gold:   256        SH:  0    Dex: 17    Spells: 4/4 levels left

rFire    . . .     SeeInvis +   n - -3 short sword (curse)
rCold    . . .     Gourm    .   (shield restricted)
rNeg     . . .     Faith    .   b - +0 robe
rPois    .         Spirit   .   (helmet restricted)
rElec    .         Reflect  .   c - +0 cloak
rCorr    .         Harm     .   (gloves unavailable)
MR       .....                  (boots unavailable)
Stlth    ++++......             (no amulet)
HPRegen  0.08/turn              (no ring)
MPRegen  0.10/turn              (no ring)

@: very quick
A: very small, unfitting armour, see invisible, herbivore, speed 3, slow
metabolism 2
a: Renounce Religion


You were on level 5 of the Dungeon.
You worshipped Dithmenos.
Dithmenos was noncommittal.
You were not hungry.

You visited 2 branches of the dungeon, and saw 6 of its levels.

You collected 256 gold pieces.

Inventory:

Hand Weapons
 a - a +2 dagger
 n - a cursed -3 short sword (weapon)
 w - a +1 dagger of venom
Missiles
 d - 9 poisoned darts (quivered)
 e - 2 curare-tipped darts
 i - 52 arrows
 k - 7 datura-tipped darts
Armour
 b - a +0 robe (worn)
 c - a +0 cloak (worn)
Magical Staves
 o - an uncursed staff of wizardry {unknown}
Wands
 j - a wand of flame (24)
Scrolls
 l - a scroll of teleportation
 m - a scroll of enchant weapon
Potions
 g - 3 potions of might
 h - a potion of stabbing
 q - 3 potions of heal wounds
Comestibles
 f - 8 rations


   Skills:
 + Level 2.2 Fighting
 * Level 4.0 Short Blades
 + Level 2.8 Throwing
 + Level 3.3 Dodging
 + Level 6.6 Stealth


You had 4 spell levels left.
You didn't know any spells.
Your spell library was empty.

Dungeon Overview and Level Annotations

Branches:
Dungeon (5/15)             Temple (1/1) D:4

Altars:
Ashenzari
Cheibriados
Dithmenos
Elyvilon
Fedhas
Gozag
Hepliaklqana
Kikubaaqudgha
Makhleb
Okawaru
Qazlal
Ru
Sif Muna
Trog
Uskayaw
Vehumet
Wu Jian
Xom
Yredelemnul
Zin
The Shining One

Shops:
D:5 ([

Annotations:
D:4 exclusions: scorpion and 3 wights, Edmund, Eustachio
D:5 exclusions: river rat and skeleton


Innate Abilities, Weirdness & Mutations

You are very small and have problems with some larger weapons.
You are too small for most types of armour.
You have supernaturally acute eyesight. (SInv)
You are a herbivore.
You cover ground extremely quickly.
You need to consume almost no food.


Message History

You start resting.
The centaur shoots an arrow.
The arrow hits you.
You hit the centaur but do no damage.
The centaur unwields a +0 shortbow.
The centaur hits you.
* * * LOW HITPOINT WARNING * * *
The centaur closely misses you.
You hit the centaur.
The centaur is lightly wounded.
The centaur misses you.
You hit the centaur but do no damage.
The centaur is lightly wounded.
The centaur barely misses you.
You hit the centaur but do no damage.
The centaur is lightly wounded.
The centaur barely misses you. The centaur hits you!
* * * LOW HITPOINT WARNING * * *
You hit the centaur.
The centaur is lightly wounded.
The centaur hits you!
You die...

#.#....#.#######c##
#.#....#...........
#.#....#..####.....
#.#....#..#..#..###
#.#....#..#.......#
#.#....#c.##.####.#
#.........#... .#
#.c######.#..# #
##@## #.#..# #
#..(#####.#.Z## #
#.............# #
#..'########'Z# #
#..#........#.# #
##.#.'####'.#.# #
#.#.#....#.#.#####
##.#.#.##.#.#....>.
#..#.#.##.#.#..####


You could see a centaur.

Vanquished Creatures
  2 worker ants (D:5)
  5 adders
  An ooze (D:3)
  A worm (D:2)
  3 dart slugs
  4 leopard geckos (D:2)
  2 orcs (D:5)
  2 ball pythons (D:2)
  2 giant cockroaches
  5 goblins
  4 hobgoblins (D:2)
  3 jackals (D:3)
  4 kobolds
  2 quokkas
  6 bats
  8 frilled lizards
  5 rats
59 creatures vanquished.

Notes
Turn   | Place    | Note
-------+----------+-------------------------------------------
     0 | D:1      | KamiKatze the Spriggan Assassin began the quest for the
                  | Orb.
     0 | D:1      | Reached XP level 1. HP: 10/10 MP: 2/2
   352 | D:1      | You fall into a shaft and drop 1 floor!
   362 | D:2      | Reached XP level 2. HP: 14/15 MP: 3/3
   414 | D:2      | Reached skill level 6 in Stealth
   692 | D:2      | Reached XP level 3. HP: 17/18 MP: 4/4
  1891 | D:3      | Reached XP level 4. HP: 23/23 MP: 5/5
  2965 | D:4      | Noticed a centaur
  2966 | D:4      | Noticed an ogre
  2968 | D:4      | HP: 1/23 [centaur/arrow (7)]
  3385 | D:4      | Noticed Eustachio
  3419 | D:3      | HP: 1/23 [poisoned by a worker ant]
  3656 | D:4      | Noticed a phantom
  3688 | D:5      | Entered Level 5 of the Dungeon
  3688 | D:5      | Found Vaseny's Armour Emporium.
  3886 | D:5      | Reached XP level 5. HP: 26/26 MP: 6/6
  3947 | D:5      | Found Yretuq's Antique Weapon Boutique.
  4101 | D:5      | Noticed a centaur
  4225 | D:5      | Noticed a phantom
  4315 | D:4      | Noticed Edmund
  4409 | D:4      | Found a staircase to the Ecumenical Temple.
  4418 | Temple   | Entered the Ecumenical Temple
  4530 | Temple   | Became a worshipper of Dithmenos the Shadowed
  5370 | D:5      | HP: 1/26 [centaur (8)]
  5371 | D:5      | Mangled by a centaur

Illustrated notes

Levels and vault maps discovered:
D:1:      ncdulo_wetmaze, layout_basic
D:2:      layout_loops_ring, first_ration
D:3:      layout_loops_corners
D:4:      layout_basic, minmay_temple_entry_statues, minmay_mini_jars,
          uniq_edmund, uniq_eustachio
D:5:      wad_woods_tower, layout_basic, serial_shops, shop, nicolae_shop_trees,
          minivault_11, dk_noncrumbling_2, st_stairs_13
Temple:   kilobyte_greek_temple

Skill      XL: |  1  2  3  4  5 |
---------------+----------------+-----
Dodging        | 2 3 |  3.3
Stealth        | 6 |  6.6
Short Blades   | 3 4 |  4.0
Fighting       | 2 |  2.2
Throwing       | |  2.8

Action                   |  1- 3 |  4- 6 || total
-------------------------+-------+-------++-------
Melee: Dagger            |    79 |    54 ||   133
       Short sword       |       |    79 ||    79
  Use: Scroll            |     2 |     7 ||     9
       Potion            |       |     1 ||     1
 Stab: Sleeping          |    20 |     5 ||    25
       Distracted        |     2 |       ||     2
  Eat: Ration            |       |     1 ||     1
Armor: Robe              |     7 |    19 ||    26
Dodge: Dodged            |    41 |   114 ||   155
